 Dungeon Crawl Stone Soup version 0.29.1-13-g9f3cf754e1 (webtiles) character file.

Game seed: 1385179422411481814

63 Exodus22XD the Covered (level 3, 33/33 HPs)
             Began as a Minotaur Fighter on Feb 5, 2023.
             Was a Follower of Wu Jian.
             Quit the game on level 2 of the Dungeon.
             The game lasted 00:01:34 (1622 turns).

Exodus22XD the Covered (Minotaur Fighter)           Turns: 1622, Time: 00:01:35

Health: 33/33      AC:  7    Str: 22    XL:     3   Next: 89%
Magic:  2/2        EV:  9    Int:  5    God:    Wu Jian [*.....]
Gold:   92         SH:  4    Dex:  9    Spells: 2/2 levels left

rFire   . . .      SeeInvis .   a - +0 war axe
rCold   . . .      Faith    .   c - +0 buckler
rNeg    . . .      Spirit   .   b - +0 scale mail
rPois   .          Reflect  .   (helmet restricted)
rElec   .          Harm     .   (no cloak)
rCorr   .          Rampage  .   (no gloves)
Will    .....                   (no boots)
Stlth   ..........              (no amulet)
HPRegen 0.11/turn               (no ring)
MPRegen 0.08/turn               (no ring)

@: no status effects
A: horns 2, retaliatory headbutt
a: Renounce Religion


You were on level 2 of the Dungeon.
You worshipped Wu Jian.
Wu Jian was aware of your devotion.
You visited 1 branch of the dungeon, and saw 2 of its levels.

You collected 92 gold pieces.

Inventory:

Hand Weapons
 a - a +0 war axe (weapon)
Armour
 b - a +0 scale mail (worn)
 c - a +0 buckler (worn)
Scrolls
 f - a scroll of teleportation {unknown}
 g - 3 scrolls of immolation {unknown}
 i - a scroll of vulnerability {unknown}
 j - a scroll of enchant weapon {unknown}
Potions
 d - 2 potions of might
 e - a potion of attraction {unknown}
 h - a potion of lignification {unknown}


   Skills:
 + Level 4.2 Fighting
 + Level 3.1 Axes
 + Level 4.5 Armour
 + Level 4.1 Shields


You had 2 spell levels left.
You didn't know any spells.
Your spell library was empty.

Dungeon Overview and Level Annotations

Branches:
Dungeon (2/15)

Altars:
Okawaru
Wu Jian


Innate Abilities, Weirdness & Mutations

You have a pair of horns on your head.
You reflexively headbutt those who attack you in melee.


Message History

No target in view!
Key pressed, stopping explore.
No target in view!
No target in view!
No target in view!
There is an escape hatch in the floor here.
Key pressed, stopping explore.
No target in view!
Key pressed, stopping explore.
No target in view!
No target in view!
No target in view!
Found a stone staircase leading down.
No target in view!
No target in view!
You now have 82 gold pieces (gained 15).
Found a stone staircase leading down.
No target in view!
No target in view!
Found an iron altar of Okawaru.
No target in view!
No target in view!
You now have 92 gold pieces (gained 10).
j - a scroll labelled DIRIYL VULUUNT
Found a stone staircase leading down.
Found an escape hatch in the ceiling.
There is an escape hatch in the ceiling here.
Found 6 poisoned darts.
Found a sling.
You see here 6 poisoned darts.
You open the door.
Found a faded altar of an unknown god.
There is an open door here.
There is a faded altar of an unknown god here.
You cannot tell which god this altar belongs to.
Convert to them anyway?
Wu Jian accepts your prayer! The Council welcomes you!
You can now perform damaging attacks by moving towards foes.
You can now lightly attack monsters by moving around them.
Are you sure you want to abandon this character and quit the game? (Confirm with "yes".)

#.##.....# #.# #....# #.#####..#
##+## #.#).# #.# #..# ##...##
#.##.# #.#####..# ##.....##
#....# ##........# ##.......##
###..#
#.....#.>.####.........####(..###
#............+...$.!...'........#
#.._......####.........####......
#.....##.## ##.@.....## #...##.
#.....#### ##.....## #.#.##.
#####.# ##...## #.#.##. #.# ##+##
#.#..#. #.# #.# #.##.#. #.# #.#
#...... #.# ##.###########.##
##.####### ##>..#....<..##.#
#.#......## #......#####.##.#


There were no monsters in sight!

Vanquished Creatures
  3 gnolls (D:2)
  An adder (D:2)
  A dart slug (D:1)
  A ball python (D:1)
  A giant cockroach (D:2)
  6 goblins (D:1)
  2 hobgoblins (D:1)
  3 kobolds (D:1)
  2 quokkas (D:1)
  A bat (D:2)
  5 rats (D:1)
26 creatures vanquished.

Notes
Turn   | Place    | Note
-------+----------+-------------------------------------------
     0 | D:1      | Exodus22XD the Minotaur Fighter began the quest for the
                  | Orb.
     0 | D:1      | Reached XP level 1. HP: 19/19 MP: 0/0
   411 | D:1      | Reached XP level 2. HP: 25/27 MP: 1/1
  1170 | D:2      | Reached XP level 3. HP: 30/33 MP: 2/2
  1520 | D:2      | Found an iron altar of Okawaru.
  1613 | D:2      | Found a faded altar of an unknown god.
  1621 | D:2      | Prayed at the altar of an unknown god.
  1621 | D:2      | Became a worshipper of the Wu Jian Council
  1621 | D:2      | Reached * piety under Wu Jian
  1622 | D:2      | Quit the game

Illustrated notes

Levels and vault maps discovered:
D:1:      dpeg_arrival_arbitrary_c, layout_basic, serial_bayou_lagoon_b
D:2:      kennysheep_big_flooded_room, layout_loops_corners,
          basic_ecumenical_altar, basic_altar

Skill      XL: |  1  2  3 |
---------------+----------+-----
Armour         | 4 |  4.5
Fighting       | 4 |  4.2
Shields        | 4 |  4.1
Axes           | 3 |  3.1

Action                   || total
-------------------------++-------
Melee: War axe           ||    61
       Headbutt          ||     2
Armor: Scale mail        ||    37
Dodge: Dodged            ||    22
Block: Buckler           ||    10
